 Dungeon Crawl Stone Soup version 0.28-a0-664-gc179e30c89 (webtiles) character file.

Game seed: 6124779276651365647

2266 timneilson the Shield-Bearer (level 9, 0/54 HPs)
             Began as a Gargoyle Fighter on Oct 16, 2021.
             Was a Believer of Okawaru.
             Slain by a centaur warrior (15 damage)
             ... on level 7 of the Dungeon.
             The game lasted 00:09:22 (5939 turns).

timneilson the Shield-Bearer (Gargoyle Fighter)     Turns: 5939, Time: 00:09:22

Health: 0/54       AC: 20    Str: 25    XL:     9   Next: 38%
Magic:  11/11      EV:  9    Int: 12    God:    Okawaru [**....]
Gold:   355        SH:  6    Dex: 15    Spells: 8/8 levels left

rFire   . . .      SeeInvis +   p - +1 long sword "Secret Weapon" {flame, Str+2 SInv Stlth+}
rCold   . . .      Faith    .   c - +0 buckler
rNeg    + . .      Spirit   .   h - +0 chain mail
rPois   ∞          Reflect  .   i - +1 helmet {Int+3}
rElec   +          Harm     .   (no cloak)
rCorr   .          Rampage  .   q - +0 pair of gloves
Will    .....                   (no boots)
Stlth   ..........              (no amulet)
HPRegen 0.18/turn               e - +6 ring of dexterity
MPRegen 0.12/turn               g - +4 ring of slaying

@: about to teleport
A: sickness immunity, AC +6, negative energy resistance 1, electricity
resistance, torment resistance 1, petrification resistance
a: Renounce Religion, Heroism


You were on level 7 of the Dungeon.
You worshipped Okawaru.
Okawaru was pleased with you.
You visited 2 branches of the dungeon, and saw 8 of its levels.

You collected 355 gold pieces.

Inventory:

Hand Weapons
 a - a +0 long sword of freezing
 p - the +1 long sword "Secret Weapon" (weapon) {flame, Str+2 SInv Stlth+}
   (You found it on level 5 of the Dungeon)

   It burns those it strikes, dealing additional fire damage.
   Big, fiery blades are also staple armaments of hydra-hunters.
   Str:       It affects your strength (+2).
   SInv:      It lets you see invisible.
   Stlth:     It makes you more stealthy.
Armour
 c - a +0 buckler (worn)
 h - a +0 chain mail (worn)
 i - a +1 helmet of intelligence (worn)
 q - a +0 pair of gloves (worn)
Jewellery
 e - a +6 ring of dexterity (left hand)
 g - a +4 ring of slaying (right hand)
 o - the ring of Bavvunk {MP+9 EV+4}
   (You found it on level 4 of the Dungeon)

   [ring of evasion]

   EV:        It affects your evasion (+4).
   MP:        It affects your magic capacity (+9).
Wands
 d - a wand of polymorph (7)
 n - a wand of mindburst (12)
 r - a wand of iceblast (10)
Scrolls
 b - a scroll of teleportation
 k - a scroll of acquirement {unknown}
 m - a scroll of magic mapping
Potions
 f - 3 potions of curing
 j - a potion of flight
 l - a potion of ambrosia {unknown}
 s - a potion of degeneration {unknown}


   Skills:
 + Level 5.5 Fighting
 * Level 5.4 Long Blades
 * Level 7.0 Armour
 + Level 3.0 Dodging
 * Level 7.0 Shields
 + Level 2.8 Invocations
 + Level 2.8 Evocations


You had 8 spell levels left.
You didn't know any spells.
Your spell library contained the following spells:

 Spells                   Type           Power      Damage    Failure   Level
 Apportation              Tloc           0%         N/A       88%         1
 Pain                     Necr           0%         1d4       88%         1
 Slow                     Hex            0%         N/A       96%         2
 Confusing Touch          Hex            0%         N/A       99%         3
 Agony                    Necr           0%         N/A       100%        5
 Excruciating Wounds      Necr           0%         N/A       100%        5
 Yara's Violent Unravell  Hex/Tmut       0%         3d3       100%        5
 Animate Skeleton         Necr           Unusable   N/A       N/A         1
 Summon Small Mammal      Summ           Unusable   N/A       N/A         1

Dungeon Overview and Level Annotations

Branches:
Dungeon (7/15)             Temple (1/1) D:5

Altars:
Dithmenos
Elyvilon
Hepliaklqana
Kikubaaqudgha
Makhleb
Nemelex Xobeh
Okawaru
Qazlal
Sif Muna
Xom
Yredelemnul
Zin

Shops:
D:4 *


Innate Abilities, Weirdness & Mutations

You are immune to sickness and miasma.
Your stone body is resilient. (AC +6)
You are immune to poison.
You resist negative energy. (rN+)
You are resistant to electric shocks. (rElec)
You are resistant to unholy torment.
You are immune to petrification.


Message History

You slash the ogre! You burn the ogre.
The ogre is severely wounded.
The ogre hits you with a +0 giant club!
You slash the ogre! You burn the ogre.
You kill the ogre!
Okawaru accepts your kill.
Your Armour skill increases to level 7!
Items here: ( )) ††.
Things that are here:
a +1 short sword of holy wrath; an elf corpse You start resting.
A centaur warrior comes into view. It is wielding a +2 mace of holy wrath.
You closely miss the centaur warrior.
The centaur warrior shouts!
The centaur warrior barely misses you. You block the centaur warrior's attack.
You hit the centaur warrior but do no damage.
The centaur warrior hits you with a +2 mace of holy wrath.
You block the centaur warrior's attack.
The centaur warrior hits you with a +2 mace of holy wrath.
The centaur warrior kicks you but does no damage.
You closely miss the centaur warrior.
The centaur warrior hits you with a +2 mace of holy wrath.
The centaur warrior kicks you but does no damage.
The centaur warrior hits you with a +2 mace of holy wrath.
* * * LOW HITPOINT WARNING * * *
The centaur warrior kicks you but does no damage.
You feel better.
The centaur warrior hits you with a +2 mace of holy wrath!
* * * LOW HITPOINT WARNING * * *
The centaur warrior kicks you.
* * * LOW HITPOINT WARNING * * *
You feel better.
The centaur warrior hits you but does no damage.
You block the centaur warrior's attack.
The centaur warrior hits you but does no damage.
The centaur warrior kicks you but does no damage.
As you read the scroll of teleportation, it crumbles to dust.
You feel strangely unstable.
The centaur warrior hits you with a +2 mace of holy wrath!
You die...

.....######.#.#.♣♣♣.#
#...........# #.....#
##+#........# ##♣.♣##
#.....##.# ♣.♣♣
#......#.# ♣♣.♣#
#......#.# ♣♣.#
........#.# ♣♣.♣#
.##.#..#.#.# ♣♣.♣♣
#+#..#.#.# #♣@♣♣
.....# #c♣♣ ....
#........ #.♣♣♣♣♣♣♣
#♣. ♣


You could see a centaur warrior.

Vanquished Creatures
  A deep elf pyromancer (D:7)
  Sigmund (D:2)
  Menkaure (D:5)
  2 sky beasts
  An ice beast (D:6)
  A necrophage (D:7)
  A black bear (D:4)
  2 ogres
  A phantom (D:5)
  2 scorpions
  3 wights (D:6)
  A howler monkey (D:7)
  2 bullfrog zombies
  A jelly (D:4)
  A centaur skeleton (D:6)
  A hound (D:7)
  Jessica (D:3)
  2 iguanas (D:6)
  Ijyb (D:2)
  A hound zombie (D:5)
  A hound skeleton (D:4)
  Robin (D:3)
  6 adders
  3 gnolls (D:3)
  8 river rats (D:5)
  An adder skeleton (D:4)
  A worm (D:5)
  2 dart slugs
  7 orcs
  6 bats
  3 endoplasms
  6 giant cockroaches
  15 goblins
  7 hobgoblins
  2 jackals (D:1)
  10 kobolds
  10 quokkas
  8 ball pythons
  4 frilled lizards
  20 rats
148 creatures vanquished.

Notes
Turn   | Place    | Note
-------+----------+-------------------------------------------
     0 | D:1      | timneilson the Gargoyle Fighter began the quest for the
                  | Orb.
     0 | D:1      | Reached XP level 1. HP: 14/14 MP: 1/1
   265 | D:1      | Reached XP level 2. HP: 19/19 MP: 2/2
   899 | D:1      | Reached XP level 3. HP: 23/23 MP: 3/3
  1387 | D:2      | Noticed Sigmund
  1394 | D:2      | Killed Sigmund
  1395 | D:2      | Reached skill level 1 in Dodging
  1395 | D:2      | Reached XP level 4. HP: 29/29 MP: 4/4
  1395 | D:2      | Reached XP level 5. HP: 33/33 MP: 5/5
  1489 | D:2      | Found a faded altar of an unknown god.
  1691 | D:2      | Reached XP level 6. HP: 37/38 MP: 6/6
  2010 | D:3      | Noticed Robin
  2016 | D:3      | Noticed Ijyb
  2324 | D:2      | Killed Ijyb
  2503 | D:3      | Killed Robin
  2660 | D:3      | Noticed Jessica
  2672 | D:3      | Killed Jessica
  3218 | D:4      | Found Zin's Purification Station.
  3223 | D:4      | Reached skill level 5 in Armour
  3223 | D:4      | Reached XP level 7. HP: 40/43 MP: 7/7
  3225 | D:4      | Found a glowing silver altar of Zin.
  3399 | D:4      | Reached skill level 5 in Shields
  3708 | D:4      | Identified the ring of Bavvunk {MP+9 EV+4}
  3779 | D:4      | Found a hazy altar of Hepliaklqana.
  3859 | D:4      | Reached skill level 1 in Evocations
  4000 | D:5      | Entered Level 5 of the Dungeon
  4115 | D:5      | Found a staircase to the Ecumenical Temple.
  4130 | Temple   | Entered the Ecumenical Temple
  4137 | Temple   | Became a worshipper of Warmaster Okawaru
  4396 | D:5      | Identified the +1 long sword "Secret Weapon" {flame, Str+2
                  | SInv Stlth+}
  4483 | D:5      | Noticed Menkaure
  4489 | D:5      | Killed Menkaure
  4699 | D:5      | Reached XP level 8. HP: 45/48 MP: 8/8
  4815 | D:5      | Reached skill level 1 in Invocations
  5100 | D:6      | Reached * piety under Okawaru
  5111 | D:6      | Found a stormy altar of Qazlal.
  5358 | D:6      | Reached skill level 5 in Fighting
  5885 | D:7      | Noticed a deep elf pyromancer
  5894 | D:7      | Killed a deep elf pyromancer
  5894 | D:7      | Reached ** piety under Okawaru
  5895 | D:7      | Reached skill level 5 in Long Blades
  5895 | D:7      | Reached XP level 9. HP: 40/54 MP: 9/11
  5933 | D:7      | Noticed a centaur warrior
  5939 | D:7      | Slain by a centaur warrior

Illustrated notes

Levels and vault maps discovered:
D:1:      erik_arrival_blinker_ship, layout_basic, serial_bayou_pond_e
D:2:      layout_loops_ring, hellmonk_ecumenical_altar_run_dry,
          minmay_misc_feat_rugged, uniq_sigmund
D:3:      layout_loops_cross, uniq_ijyb, uniq_robin, uniq_jessica
D:4:      layout_basic, zin_purify, mainiacjoe_overflow_24_doors,
          serial_corexii_hall, corexii_hall_statues_t, corexii_hall_statues_x,
          corexii_hall_statues_s, corexii_hall_statues_deadend
D:5:      lemuel_ratsnest, layout_loops_ring, minmay_temple_entry_trees,
          uniq_menkaure
D:6:      layout_gridville, nicolae_qazlal_general_emergency
D:7:      nzn_winding_woodlands_large [nzn_winding_woodlands_5x5_closed_star,
          nzn_winding_woodlands_5x15_longhouse, nzn_winding_woodlands_hourglass,
          nzn_winding_woodlands_center_pierced_h,
          nzn_winding_woodlands_15x15_thick_spiral,
          nzn_winding_woodlands_center_triple_pond,
          nzn_winding_woodlands_5x5_default,
          nzn_winding_woodlands_5x15_sawtooth,
          nzn_winding_woodlands_5x5_perimeter], layout_basic
Temple:   compressed_dpeg_triangle_lava_temple

Skill      XL: |  1  2  3  4  5  6  7  8  9 |
---------------+----------------------------+-----
Long Blades    | 2 3 4 5 |  5.4
Fighting       | 4 5 |  5.5
Armour         | 4 5 6 7 |  7.0
Dodging        | 1 2 3 |  3.0
Shields        | 4 5 6 7 |  7.0
Evocations     | 1 2 |  2.8
Invocations    | 2 |  2.8

Action                   |  1- 3 |  4- 6 |  7- 9 || total
-------------------------+-------+-------+-------++-------
Melee: Long sword        |    86 |   126 |   200 ||   412
  Use: Scroll            |     1 |     5 |     5 ||    11
       Potion            |     1 |     3 |     3 ||     7
Armor: Scale mail        |    48 |    32 |       ||    80
       Chain mail        |       |    29 |   113 ||   142
Dodge: Dodged            |    36 |    46 |    73 ||   155
Block: Buckler           |    16 |    34 |    37 ||    87

Table legend: (Time is in decaauts)
 A = Elapsed time spent in this place.
 B = Non-inter-level travel time spent in this place.
 C = Inter-level travel time spent in this place.
 D = Time resting spent in this place.
 E = Time spent auto-exploring this place.
 F = Levels seen in this place.
 G = Mean time per level.
                   A        B        C        D        E       F      G
               +--------+--------+--------+--------+--------+-----+--------+
         Total |   6008 |   5904 |    104 |    481 |   4266 |   8 |  751.0 |
       Dungeon |   5815 |   5714 |    101 |    481 |   4090 |   7 |  830.7 |
        Temple |    192 |    189 |      3 |      0 |    176 |   1 |  192.0 |
               +--------+--------+--------+--------+--------+-----+--------+

Top non-repeatable levels by time:
     D:1: 1216 daAuts
     D:2: 1067 daAuts
     D:3: 933 daAuts
     D:5: 915 daAuts
     D:4: 819 daAuts
     D:6: 746 daAuts
  Temple: 192 daAuts
     D:7: 116 daAuts
